 Dungeon Crawl Stone Soup version 0.31-a0-983-g7b6862f502 (webtiles) character file.

Game seed: 15996471000795705211

698 gruber the Cutter (level 7, -4/35 HPs)
             Began as a Vine Stalker Fighter on Nov 2, 2023.
             Splashed by a jelly's acid (6 damage)
             ... on level 5 of the Dungeon.
             The game lasted 00:03:59 (3550 turns).

gruber the Cutter (Vine Stalker Fighter)            Turns: 3550, Time: 00:04:01

Health: -4/35      AC: -17   Str: 16    XL:     7   Next: 65%
Magic:  0/8        EV: 14    Int: 16    God:
Gold:   296        SH:  4    Dex: 12    Spells: 6/6 levels left

rFire   . . .        a - +0 long sword
rCold   x . .        c - +0 buckler
rNeg    . . .        h - +0 ring mail
rPois   .            (no helmet)
rElec   .            i - +0 cloak
rCorr   .            (no gloves)
SInv    .            (no boots)
Will    .....        t - amulet of regeneration
Stlth   +            o - +5 ring of evasion
HPRegen 1.85/turn    q - ring of wizardry
MPRegen 0.11/turn

%: guardian spirit, wizardry (x1)
@: brilliant, corroded, attractive
A: fangs 2, regeneration 1, magic shield, antimagic bite, no potion heal 2,
clever 2, clumsy 1, cold vulnerability 1
a: no special abilities


You were on level 5 of the Dungeon.
You visited 1 branch of the dungeon, and saw 5 of its levels.

You collected 296 gold pieces.

Inventory:

Hand Weapons
 a - a +0 long sword (weapon)
Missiles
 u - 2 throwing nets
Armour
 c - a +0 buckler (worn)
 h - a +0 ring mail (worn)
 i - a +0 cloak (worn)
Jewellery
 o - a +5 ring of evasion (left hand)
 q - a ring of wizardry (right hand)
 t - an amulet of regeneration (around neck)
 x - a ring of wizardry
Scrolls
 e - 2 scrolls of revelation {unknown}
 j - a scroll of noise {unknown}
 l - a scroll of blinking {unknown}
 n - 3 scrolls of identify {unknown}
 s - a scroll of teleportation {unknown}
 v - a scroll of fear {unknown}
 y - a scroll of fog {unknown}
Potions
 b - a potion of brilliance
 d - a potion of degeneration {unknown}
 f - a potion of magic
 g - a potion of curing
 k - a potion of attraction
 m - a potion of resistance {unknown}
 r - 2 potions of haste {unknown}
 w - a potion of invisibility {unknown}
 z - 3 potions of enlightenment {unknown}


   Skills:
 - Level 2.6 Fighting
 * Level 6.7(7.1) Short Blades
 - Level 3.4(5.5) Long Blades
 - Level 2.4 Armour
 - Level 2.6 Shields


You had 6 spell levels left.
You didn't know any spells.
Your spell library contained the following spells:

 Spells                   Type           Power      Damage    Failure   Level
 Slow                     Hex            0%         N/A       24%         1
 Confusing Touch          Hex            0%         N/A       56%         3
 Sigil of Binding         Hex            0%         N/A       56%         3
 Vampiric Draining        Necr           0%         2d6       56%         3


Dungeon Overview and Level Annotations

Branches:
Dungeon (5/15)
 Temple: D:4-7

Altars:
Ashenzari
Hepliaklqana
Qazlal
Ru

Shops:
D:2 (

Annotations:
D:2 1 runed translucent door, Crazy Yiuf


Innate Abilities, Weirdness & Mutations

You have extremely sharp teeth.
Your natural rate of healing is unusually fast.
When hurt, damage is shared between your health and your magic reserves.
Your bite disrupts and absorbs the magic of your enemies.
Potions cannot restore your health.
Your mind is very acute. (Int +8, Str/Dex -2)
You are clumsy. (Dex -2)
You are vulnerable to cold. (rC-)


Message History

You feel clever all of a sudden. The jelly misses you.
It was a potion of magic.
Magic courses through your body. The jelly closely misses you.
It was a potion of curing.
That felt strangely inert.
The jelly completely misses you.
It was a potion of attraction.
You feel attractive to monsters. The jelly closely misses you.
It was a potion of mutation.
You feel extremely strange.
You feel clever.
You feel clumsy.
You feel vulnerable to cold.
You feel clever. You block the jelly's attack.
You aren't carrying any items that you can evoke.
Okay, then.
You hit the jelly but do no damage.
Your hands burn!
* * * LOW HITPOINT WARNING * * *
You bite the jelly, but do no damage.
The jelly is severely wounded.
The jelly completely misses you.
You hit the jelly but do no damage. The acid corrodes you!
Your hands burn!
* * * LOW HITPOINT WARNING * * *
You bite the jelly, but do no damage.
The jelly is severely wounded.
The jelly closely misses you.
You hit the jelly but do no damage.
Your hands burn!
* * * LOW HITPOINT WARNING * * *
The jelly is severely wounded.
The jelly hits you.
* * * LOW HITPOINT WARNING * * *
You are splashed with acid!
* * * LOW HITPOINT WARNING * * *
Unknown command.
You hit the jelly but do no damage.
Your hands burn!
* * * LOW HITPOINT WARNING * * *
You bite the jelly, but do no damage.
The jelly is severely wounded.
The jelly hits you.
* * * LOW HITPOINT WARNING * * *
You are splashed with acid!
You die...

#.# ######## .......
#.# ....... #.#
....... #.# .......
#.######### .?.....
#.......... .......
#..........
......J##
#..........
#..@####..........
###....>..........
#....####..#########
#..). #..# #....
##.# #.### #.# #.
#.. # #... ##..


You could see a jelly.

Vanquished Creatures
  Edmund (D:4)
  2 black bears (D:4)
  An ogre (D:4)
  A hound (D:4)
  A sleepcap (D:5)
  Terence (D:2)
  An orc wizard (D:3)
  3 gnolls (D:3)
  8 adders
  2 ufetubi (D:5)
  3 worms
  6 dart slugs
  6 orcs
  7 bats
  3 endoplasms
  7 giant cockroaches
  2 goblins
  7 hobgoblins
  3 jackals (D:1)
  4 quokkas
  8 ball pythons
  5 frilled lizards
  7 kobolds
  8 rats
97 creatures vanquished.

Notes
Turn   | Place    | Note
-------+----------+-------------------------------------------
     0 | D:1      | gruber the Vine Stalker Fighter began the quest for the
                  | Orb.
     0 | D:1      | Reached XP level 1. HP: 11/11 MP: 2/2
    69 | D:1      | Reached XP level 2. HP: 16/16 MP: 3/3
   287 | D:1      | Reached XP level 3. HP: 18/19 MP: 2/4
   886 | D:2      | Found Olyog's Weapon Shoppe.
  1161 | D:2      | Reached skill level 1 in Short Blades
  1201 | D:2      | Reached XP level 4. HP: 21/23 MP: 5/5
  1340 | D:2      | Reached skill level 2 in Short Blades
  1387 | D:2      | Noticed Terence
  1396 | D:2      | Killed Terence
  1408 | D:2      | Found a runed translucent door.
  1409 | D:2      | Noticed Crazy Yiuf
  1877 | D:3      | Reached XP level 5. HP: 27/27 MP: 6/6
  1978 | D:3      | Reached skill level 3 in Short Blades
  2329 | D:3      | Found a sacrificial altar of Ru.
  2331 | D:3      | Found a broken altar of Ashenzari.
  2391 | D:3      | Reached skill level 4 in Short Blades
  2638 | D:3      | Found a stormy altar of Qazlal.
  2641 | D:3      | Found a hazy altar of Hepliaklqana.
  2705 | D:4      | Reached XP level 6. HP: 32/32 MP: 7/7
  2831 | D:4      | Noticed Edmund
  2841 | D:4      | Killed Edmund
  2842 | D:4      | Reached skill level 5 in Short Blades
  2842 | D:4      | Reached XP level 7. HP: 16/35 MP: 3/8
  2986 | D:4      | Reached skill level 6 in Short Blades
  3404 | D:5      | Entered Level 5 of the Dungeon
  3541 | D:5      | HP: 1/35 [acid (7)]
  3546 | D:5      | Gained mutation: Your mind is acute. (Int +4, Str/Dex -1)
                  | [potion of mutation]
  3546 | D:5      | Gained mutation: You are clumsy. (Dex -2) [potion of
                  | mutation]
  3546 | D:5      | Gained mutation: You are vulnerable to cold. (rC-) [potion
                  | of mutation]
  3546 | D:5      | Gained mutation: Your mind is very acute. (Int +8, Str/Dex
                  | -2) [potion of mutation]
  3550 | D:5      | HP: 1/35 [acid (1)]
  3550 | D:5      | Splashed by a jelly's acid

Illustrated notes

Levels and vault maps discovered:
D:1:      nzn_arrival_settlement, layout_basic, hangedman_decor_diamond_cutter,
          corexii_item_surrounded_by_moat, minmay_tetromino_o4
D:2:      layout_loops_corners, serial_shops, shop, uniq_crazy_yiuf_cottage,
          uniq_terence
D:3:      layout_basic, nicolae_overflow_hidden_temple, corner_web_ring,
          fountainhead
D:4:      layout_rooms, hex_intersection, solitary_fountain, uniq_edmund
D:5:      layout_basic, minmay_temple_entry_enclosed_plants

Skill      XL: |  1  2  3  4  5  6  7 |
---------------+----------------------+-----
Long Blades    | 2 3 |  3.4
Short Blades   | 1 2 4 5 6 |  6.7
Fighting       | |  2.6
Armour         | |  2.4
Shields        | |  2.6

Action                     |  1- 3 |  4- 6 |  7- 9 || total
---------------------------+-------+-------+-------++-------
  Melee: Long sword        |    78 |   145 |    57 ||   280
         Bite              |    20 |    42 |    18 ||    80
    Use: Potion            |       |     1 |     5 ||     6
 Armour: Scale mail        |    37 |       |       ||    37
         Ring mail         |    15 |    76 |    36 ||   127
  Dodge: Dodged            |    45 |    70 |    52 ||   167
  Block: Buckler           |    23 |    44 |    11 ||    78

Table legend: (Time is in decaauts)
 A = Elapsed time spent in this place.
 B = Non-inter-level travel time spent in this place.
 C = Inter-level travel time spent in this place.
 D = Time resting spent in this place.
 E = Time spent auto-exploring this place.
 F = Levels seen in this place.
 G = Mean time per level.
                   A        B        C        D        E       F      G
               +--------+--------+--------+--------+--------+-----+--------+
         Total |   3618 |   3299 |    319 |      0 |   2623 |   5 |  723.6 |
       Dungeon |   3618 |   3299 |    319 |      0 |   2623 |   5 |  723.6 |
               +--------+--------+--------+--------+--------+-----+--------+

Top non-repeatable levels by time:
     D:2: 1040 daAuts
     D:3: 881 daAuts
     D:1: 825 daAuts
     D:4: 719 daAuts
     D:5: 151 daAuts
